Map: Frostline LE

Players

MacroMonster

  • Race: Zerg Zerg
  • League: Platinum
  • Spawn Location: 1:00

DKZherO (herO) - Winner!

  • Race: Protoss Protoss
  • Spawn Location: 7:00

VOD

Have the link to the VOD?

Description

Time

  • Played on: Dec. 9, 2024, 7:25 p.m.
  • Length: 7:05
Show
View Real Time Build Order
Export as new Build Order

MacroMonster Zerg 

Build Orders: Hatch First 

Get SALT Encoding   

  12  0:00  Drone  
  13  0:16  Overlord  
  13  0:18  Drone  
  14  0:34  Drone x2  
  16  0:48  Hatchery  
  15  0:54  Drone  
  15  0:55  Drone  
  17  0:59  Drone  
  18  1:10  Extractor  
  17  1:15  Spawning Pool  
  16  1:20  Drone  
  16  1:22  Drone  
  18  1:32  Drone  
  19  1:44  Drone  
  20  1:54  Drone  
  21  2:02  Queen x2  
  21  2:03  Zergling x2  
  26  2:09  Zergling x2  
  27  2:23  Hatchery  
  26  2:30  Drone x2, Overlord  
  28  2:38  Metabolic Boost  
  28  2:50  Drone x5  
  33  2:59  Overlord  
  33  3:06  Drone, Overlord  
  34  3:12  Queen  
  34  3:18  Zergling x6  
  38  3:25  Drone x2  
  37  3:32  Drone x2  
  38  3:43  Queen  
  38  3:45  Overlord  
  40  3:49  Drone x5  
  42  3:59  Drone x5  
  44  4:11  Spore Crawler  
  44  4:13  Spore Crawler  
  44  4:16  Queen  
  40  4:21  Drone  
  40  4:22  Drone x2  
  40  4:23  Drone  
  38  4:38  Drone x6  
  41  4:49  Drone x4  
  43  5:03  Overlord x2  
  43  5:06  Drone x3  
  46  5:07  Drone  
  42  5:20  Zergling x12  
  29  5:36  Zergling x12  
  30  5:46  Drone x2  
  30  5:56  Spore Crawler  
  14  6:08  Queen  
  14  6:10  Drone  
Show
View Real Time Build Order
Export as new Build Order

DKZherO Protoss - Winner!

Build Orders: 1 Gate Expand, Oracle Opening 

Get SALT Encoding   

  12  0:00  Probe  
  13  0:12  Probe  
  14  0:18  Pylon  
  14  0:24  Probe  
  15  0:32  Probe  
  15  0:38  Gateway  
  15  0:40  Probe  
  16  0:46  Assimilator  
  17  0:51  Probe  
  18  1:03  Probe  
  19  1:15  Probe  
  20  1:23  Nexus  
  20  1:33  Cybernetics Core  
  20  1:36  Probe  
  21  1:42  Assimilator  
  21  1:49  Probe  
  21  1:52  Pylon  
  22  2:00  Adept  
  22  2:01  Probe  
  23  2:13  Probe  
  23  2:15  Stargate  
  26  2:20  Adept  
  26  2:24  Warp Gate  
  26  2:25  Probe  
  27  2:36  Probe  
  30  2:37  Probe  
  31  2:48  Probe  
  31  2:49  Probe  
  31  2:50  Adept  
  35  2:51  Oracle  
  35  3:00  Probe  
  35  3:01  Probe  
  40  3:06  Pylon  
  40  3:12  Probe  
  41  3:13  Probe  
  42  3:20  Adept  
  42  3:24  Probe  
  42  3:25  Probe, Oracle  
  46  3:35  Gateway  
  46  3:36  Probe  
  46  3:37  Probe  
  51  3:50  Probe x2  
  53  3:57  Nexus  
  53  3:58  Pylon  
  53  4:03  Probe  
  53  4:04  Pylon  
  54  4:16  Oracle  
  57  4:17  Adept, Assimilator  
  57  4:18  Assimilator  
  57  4:21  Probe  
  57  4:22  Probe  
  61  4:24  Pylon  
  61  4:35  Adept  
  61  4:36  Probe x2  
  65  4:40  Gateway  
  65  4:42  Gateway, Adept  
  67  4:50  Twilight Council  
  67  4:53  Forge  
  67  4:55  Adept  
  67  4:56  Protoss Ground Weapons Level 1  
  67  4:57  Blink  
  67  4:59  Probe x2  
  71  5:08  Probe  
  71  5:11  Probe  
  73  5:17  Stalker x2  
  73  5:18  Probe  
  78  5:23  Probe  
  78  5:24  Probe  
  80  5:36  Gateway  
  80  5:37  Gateway  
  78  5:47  Stalker x4  
  86  5:51  Probe  
  86  5:52  Probe x2  
  85  5:59  Pylon  
  85  6:00  Pylon  
  85  6:03  Probe  
  85  6:04  Probe x2  
  80  6:14  Stalker x4  
  88  6:18  Pylon  
  88  6:20  Probe  
  88  6:21  Probe x2  
  86  6:33  Probe x2  
  86  6:34  Probe  
  89  6:42  Stalker x5  
  89  6:45  Stalker  
Tags
 
Add a new tag
Caveats
  • Supply blocks, unpowered buildings, or Contaminate may cause inaccurate times.
  • Supply counts are checked every 10 seconds.